 Dungeon Crawl Stone Soup version 0.29-a0-418-gc0181ea820 (webtiles) character file.

Game seed: 14179345643679995943

51 avis the Chopper (level 3, -2/34 HPs)
             Began as a Hill Orc Monk on May 18, 2022.
             Slain by a water moccasin (6 damage)
             ... in the Ecumenical Temple.
             The game lasted 00:09:01 (2611 turns).

avis the Chopper (Hill Orc Monk)                    Turns: 2611, Time: 00:09:01

Health: -2/34      AC:  7    Str: 15    XL:     3   Next: 83%
Magic:  3/3        EV: 11    Int: 10    God:
Gold:   150        SH:  0    Dex: 13    Spells: 2/2 levels left

rFire   . . .      SeeInvis +   b - +0 dagger (venom)
rCold   . . .      Faith    .   (no shield)
rNeg    . . .      Spirit   .   n - +0 ring mail
rPois   .          Reflect  .   v - +0 helmet
rElec   .          Harm     .   (no cloak)
rCorr   .          Rampage  .   A - +0 pair of gloves
Will    .....                   (no boots)
Stlth   +.........              (no amulet)
HPRegen 0.11/turn               h - ring of see invisible
MPRegen 0.08/turn               (no ring)

@: lethally poisoned (-2 -> -6)
A: no striking features
a: no special abilities


You were in the Ecumenical Temple.
You visited 2 branches of the dungeon, and saw 5 of its levels.

You collected 150 gold pieces.

Inventory:

Hand Weapons
 a - a +0 hand axe
 b - a +0 dagger of venom (weapon)
 r - a +0 spear
 z - a +0 spear
Missiles
 p - 5 poisoned darts (quivered)
Armour
 i - a +0 robe
 j - a +0 plate armour
 l - the +1 robe of the Comet {rN++}
   (You found it on level 2 of the Dungeon)

   rN:        It greatly protects you from negative energy.
 n - a +0 ring mail (worn)
 v - a +0 helmet (worn)
 A - a +0 pair of gloves (worn)
Jewellery
 h - a ring of see invisible (left hand)
Scrolls
 d - 2 scrolls of fear {unknown}
 f - 3 scrolls of identify {unknown}
 g - a scroll of enchant armour {unknown}
 m - a scroll of summoning {unknown}
 o - a scroll of noise {unknown}
 t - a scroll of vulnerability {unknown}
 x - a scroll of teleportation {unknown}
 y - a scroll of amnesia {unknown}
Potions
 e - 2 potions of heal wounds {unknown}
 q - 2 potions of haste {unknown}
 s - a potion of degeneration {unknown}
 u - a potion of cancellation {unknown}
 w - a potion of brilliance {unknown}


   Skills:
 + Level 4.3 Fighting
 * Level 5.5 Axes
 - Level 2.4 Dodging
 - Level 1.5 Stealth


You had 2 spell levels left.
You didn't know any spells.
Your spell library contained the following spells:

 Spells                   Type           Power      Damage    Failure   Level
 Sandblast                Erth           0%         2d4       58%         1
 Shock                    Conj/Air       0%         1d3       58%         1
 Sting                    Tmut/Pois      0%         1d3       58%         1
 Passwall                 Tmut/Erth      0%         N/A       75%         2
 Poisonous Vapours        Pois/Air       0%         N/A       75%         2
 Ozocubu's Armour         Ice            0%         N/A       92%         3
 Stone Arrow              Conj/Erth      0%         3d7       92%         3
 Swiftness                Air            0%         N/A       92%         3
 Airstrike                Air            0%         N/A       100%        4
 Olgreb's Toxic Radiance  Pois           0%         N/A       100%        4
 Ozocubu's Refrigeration  Ice            0%         4d5       100%        7


Dungeon Overview and Level Annotations

Branches:
Dungeon (6/15)             Temple (1/1) D:6

Altars:

Shops:
D:1 :


Message History

* * * LOW HITPOINT WARNING * * *
You hit the water moccasin but do no damage.
The water moccasin is poisoned.
The water moccasin is heavily wounded.
The water moccasin bites you.
* * * LOW HITPOINT WARNING * * *
The water moccasin bites you but does no damage.
You barely miss the water moccasin.
The water moccasin is heavily wounded.
The water moccasin closely misses you.
You feel better.
The water moccasin bites you but does no damage.
You miss the water moccasin.
The water moccasin is heavily wounded.
The water moccasin bites you but does no damage.
The water moccasin closely misses you.
You closely miss the water moccasin.
The water moccasin is heavily wounded.
The water moccasin bites you.
You are lethally poisoned!
The water moccasin poisons you!
You hit the water moccasin.
The water moccasin is severely wounded.
* * * LOW HITPOINT WARNING * * *
You feel very sick.
The water moccasin bites you but does no damage.
The water moccasin misses you.
You miss the water moccasin.
The water moccasin is severely wounded.
* * * LOW HITPOINT WARNING * * *
You feel sick. The water moccasin closely misses you.
You barely miss the water moccasin.
The water moccasin is severely wounded.
* * * LOW HITPOINT WARNING * * *
You feel sick. The water moccasin barely misses you.
You miss the water moccasin.
The water moccasin is severely wounded.
* * * LOW HITPOINT WARNING * * *
You feel sick. The water moccasin bites you.
You die...

...# #...
....# #....
.....# #.....
#.....#
#.....#
#.....#.....#
#.........#
#...S...#
#..@..#
#.......#
#.........#
#.....#.....#
#.....#
#.....#
.....# #.....
....# #....
...# #...


You could see a water moccasin (poisoned).

Vanquished Creatures
  An adder (D:3)
  2 dart slugs
  4 ball pythons
  4 endoplasms (D:1)
  2 giant cockroaches (D:2)
  3 goblins
  4 hobgoblins
  3 quokkas
  5 bats
  3 kobolds
  3 rats
34 creatures vanquished.

Notes
Turn   | Place    | Note
-------+----------+-------------------------------------------
     0 | D:1      | avis the Hill Orc Monk began the quest for the Orb.
     0 | D:1      | Reached XP level 1. HP: 19/19 MP: 1/1
   233 | D:1      | Found Ylute's Book Shoppe.
   345 | D:1      | Reached XP level 2. HP: 25/27 MP: 2/2
  1415 | D:1      | Reached skill level 5 in Axes
  1556 | D:2      | Identified the +1 robe of the Comet {rN++}
  1691 | D:2      | Reached XP level 3. HP: 32/33 MP: 3/3
  1888 | D:2      | Found a faded altar of an unknown god.
  2473 | D:3      | You fall into a shaft and drop 3 floors!
  2540 | D:6      | Noticed a phantom
  2578 | D:6      | Found a staircase to the Ecumenical Temple.
  2582 | D:6      | Noticed a water moccasin
  2592 | Temple   | Entered the Ecumenical Temple
  2611 | Temple   | Slain by a water moccasin

Illustrated notes

Levels and vault maps discovered:
D:1:      dpeg_arrival_snail, layout_loops_ring, serial_shops, shop
D:2:      layout_loops_ring, basic_ecumenical_altar,
          chequers_serial_rivers_large_b
D:3:      layout_rooms
D:6:      layout_basic, temple_statues, minmay_manual_moon, uniq_eustachio,
          uniq_blork_the_orc
Temple:   mainiacjoe_temple_big_plus

Skill      XL: |  1  2 |
---------------+-------+-----
Fighting       | 4 |  4.3
Axes           | 5 |  5.5
Dodging        | |  2.4
Stealth        | |  1.5

Action                   || total
-------------------------++-------
Melee: Dagger            ||   130
       Hand axe          ||     1
       Punch             ||     1
  Use: Potion            ||     4
 Stab: Sleeping          ||     2
Armor: Robe              ||     1
       Ring mail         ||    49
       Leather armour    ||     2
Dodge: Dodged            ||    85

Table legend: (Time is in decaauts)
 A = Elapsed time spent in this place.
 B = Non-inter-level travel time spent in this place.
 C = Inter-level travel time spent in this place.
 D = Time resting spent in this place.
 E = Time spent auto-exploring this place.
 F = Levels seen in this place.
 G = Mean time per level.
                   A        B        C        D        E       F      G
               +--------+--------+--------+--------+--------+-----+--------+
         Total |   2643 |   2436 |    207 |    368 |   1362 |   5 |  528.6 |
       Dungeon |   2624 |   2417 |    207 |    368 |   1362 |   4 |  656.0 |
        Temple |     18 |     18 |      0 |      0 |      0 |   1 |   18.0 |
               +--------+--------+--------+--------+--------+-----+--------+

Top non-repeatable levels by time:
     D:1: 1563 daAuts
     D:2: 828 daAuts
     D:6: 119 daAuts
     D:3: 114 daAuts
  Temple: 18 daAuts
